 Dungeon Crawl Stone Soup version 0.18-a0-1577-gf591c28 (webtiles) character file.

131 Tomstefer the Insei (level 5, -5/33 HPs)
             Began as an Octopode Transmuter on Mar 18, 2016.
             Slain by crauler's ghost (15 damage)
             ... on level 3 of the Dungeon.
             The game lasted 00:11:55 (4540 turns).

Tomstefer the Insei (Octopode Transmuter)           Turns: 4540, Time: 00:11:55

Health: -5/33      AC:  1    Str:  9    XL:     5   Next: 14%
Magic:  7/8        EV: 13    Int: 16    God:
Gold:   240        SH:  0    Dex: 13    Spells: 2 memorised, 4 levels left

rFire  . . .     SeeInvis .       - Unarmed
rCold  . . .     Gourm    .     (no shield)
rNeg   . . .     Faith    .     (helmet restricted)
rPois  .         Spirit   .     (no amulet)
rElec  .         Dismiss  .     (no ring)
rCorr  .         Reflect  .     (no ring)
SustAt .         Harm     .     (no ring)
MR     .....                    (no ring)
Stlth  ++........               (no ring)
                                (no ring)
                                (no ring)
                                (no ring)

@: appendage, not resistant to hostile enchantments, unstealthy
A: almost no armour, amphibious, 8 rings, constrict 8, tentacle spike 3,
camouflage 1, gelatinous body 1
a: End Transformation


You were on level 3 of the Dungeon.
You were not hungry.
One of your tentacles had a temporary spike.
You visited 1 branch of the dungeon, and saw 3 of its levels.

You collected 240 gold pieces.

Inventory:

Missiles
 a - 35 arrows
 q - 6 arrows of flame
Scrolls
 d - a scroll of noise {unknown}
 f - a scroll of enchant armour {unknown}
 m - a scroll of teleportation {unknown}
 n - a scroll of remove curse {unknown}
 p - a scroll of identify {unknown}
 r - a scroll of fear {unknown}
 s - a scroll of magic mapping {unknown}
Potions
 e - 4 potions of curing {unknown}
 g - a potion of agility {unknown}
 i - 2 potions of degeneration {unknown}
 j - a potion of might {unknown}
 k - a potion of lignification {unknown}
Books
 b - a book of Changes

   Spells                             Type                      Level
   a - Beastly Appendage              Transmutation                1
   b - Sticks to Snakes               Transmutation                2
   c - Spider Form                    Transmutation/Poison         3
   d - Ice Form                       Ice/Transmutation            4
   e - Blade Hands                    Transmutation                5
Comestibles
 c - 4 bread rations
 h - 6 fruits
 l - a beef jerky
 o - a meat ration
 t - 2 chunks of flesh


   Skills:
 - Level 1.0 Fighting
 + Level 3.1 Dodging
 * Level 4.5 Unarmed Combat
 - Level 2.0 Spellcasting
 + Level 3.0 Transmutations


You had 4 spell levels left.
You knew the following spells:

 Your Spells              Type           Power        Failure   Level  Hunger
a - Beastly Appendage     Trmt           ##....       8%          1    #......
b - Spider Form           Trmt/Pois      #.........   34%         3    ###....


Dungeon Overview and Level Annotations

Branches:
Dungeon (3/15)

Altars:
Fedhas
Pakellas

Shops:
D:2 }

Annotations:
D:3 exclusion: player ghost, crauler's ghost, amateur TeGl


Innate Abilities, Weirdness & Mutations

You cannot wear most types of armour.
You are amphibious.
You can wear up to eight rings at the same time.
You can use your tentacles to constrict eight enemies at once.
Your skin changes colour to match your surroundings (Stealth).
Your rubbery body absorbs attacks (AC +1).
One of your tentacles bears a large vicious spike.


Message History

One of your tentacles grows a vicious spike.
Crauler's ghost hits you!
You tentacle-slap crauler's ghost but do no damage.
You pierce crauler's ghost, but do no damage.
Crauler's ghost closely misses you.
You barely miss crauler's ghost.
You pierce crauler's ghost, but do no damage.
You squeeze crauler's ghost, but do no damage.
Crauler's ghost misses you.
You tentacle-slap crauler's ghost but do no damage.
Crauler's ghost hits you!
You bludgeon crauler's ghost!
You pierce crauler's ghost, but do no damage.
Crauler's ghost is moderately damaged.
Crauler's ghost misses you.
You barely miss crauler's ghost.
You pierce crauler's ghost, but do no damage.
Crauler's ghost is moderately damaged.
Crauler's ghost hits you!
You die...

#....# #....#
#### #....#
#....# #....#
##.### #....#
#.# #....# #.#
##W### #.# #.#
#.#
#[############.#
#........W@....#
################


You could see crauler's ghost.

Vanquished Creatures
  A gnoll (D:3)
  3 adders
  An ooze (D:1)
  2 worms
  2 dart slugs
  2 giant geckos
  4 orcs (D:3)
  4 giant cockroaches
  8 goblins
  8 hobgoblins
  8 jackals (D:2)
  5 ball pythons
  2 bats (D:2)
  5 giant newts
  9 kobolds
  10 rats
74 creatures vanquished.

Vanquished Creatures (others)
  A fungus (D:2)
1 creature vanquished.

Grand Total: 75 creatures vanquished

Notes
Turn   | Place    | Note
--------------------------------------------------------------
     0 | D:1      | Tomstefer the Octopode Transmuter began the quest for the Orb.
     0 | D:1      | Reached XP level 1. HP: 13/13 MP: 3/3
   305 | D:1      | Reached XP level 2. HP: 18/18 MP: 5/5
   954 | D:1      | Reached XP level 3. HP: 20/23 MP: 4/6
  1551 | D:2      | Found a faded altar to an unknown god.
  1977 | D:2      | Found a blossoming altar of Fedhas.
  2029 | D:2      | Reached skill level 4 in Unarmed Combat
  2053 | D:2      | Learned a level 3 spell: Spider Form
  2232 | D:2      | Reached XP level 4. HP: 25/28 MP: 5/7
  3093 | D:2      | Found an oddly glowing altar of Pakellas.
  3093 | D:2      | Found Pakellas's Prime Provisions.
  3557 | D:3      | Noticed crauler's ghost (amateur TeGl)
  4046 | D:3      | Reached XP level 5. HP: 27/33 MP: 8/8
  4540 | D:3      | Slain by crauler's ghost

Vault maps used:
D:1:      matt_arrival_refuge, minmay_misc_feat_hallway
D:2:      johnstein_pakellas_shop, ecumenical_altar_1, first_bread, minivault_5,
          fedhas_altar_3

Skill      XL: |  1  2  3  4 |
---------------+-------------+-----
Unarmed Combat | 4 |  4.5
Transmutations | 3 |  3.0
Dodging        | 3 |  3.1
Fighting       | |  1.0
Spellcasting   | |  2.0

Action                   |  1- 3 |  4- 6 || total
-------------------------+-------+-------++-------
Melee: Unarmed           |    80 |    96 ||   176
 Cast: Beastly Appendage |    15 |    12 ||    27
 Stab: Sleeping          |     8 |     2 ||    10
  Eat: Chunk             |     4 |     6 ||    10
       Bread ration      |       |     1 ||     1
